Cogmind - Beta 13 @@@ ROGUE MODE // 2024.05.22 @ 13:38:11 Player: Beef Result: Destroyed by S-10 Pest with Light Assault Rifle Performance ------------- Evolutions (1) 500 Regions Visited (4) 800 Robots Destroyed (36) 180 Value Destroyed (750) 750 Prototype IDs (4) 80 Alien Tech Used (0) 0 Bonus (0) 0 TOTAL SCORE: 2310 Bonus ------- None Cogmind --------- Core Integrity 0/400 Matter 247/300 Energy 80/125 System Corruption 6% Temperature Cool (38) Movement Walking (120) Location -9/Mines Parts ------- > --- POWER (1) -------- Light Ion Engine > --- PROPULSION (4) --- Aluminum Leg Improved Aluminum Leg > --- UTILITY (2) ------ Sensor Array Terrain Scan Processor > --- WEAPON (2) ------- Mining Laser > --- INVENTORY (5) ---- Light Ion Engine Medium Matter Pod (0) Improved Targeting Computer Peak State ------------ > --- POWER ------------ Ion Engine > --- PROPULSION ------- Carbon-fiber Leg Improved Hover Unit Improved Hover Unit VTOL Module > --- UTILITY ---------- Small Storage Unit Signal Interpreter > --- WEAPON ----------- Heavy Particle Cannon Heavy Particle Cannon > --- INVENTORY -------- Light Ion Engine Carbon-fiber Leg Improved Heat Sink Improved Sensor Array Targeting Computer Recoil Stabilizer Shock Bomb Launcher Shock Bomb Launcher [Rating: 20] Favorites ----------- Power Ion Engine Engine Ion Engine Propulsion Improved Hover Unit Treads Light Treads Leg Aluminum Leg Hover Unit Improved Hover Unit Flight Unit VTOL Module Utility Small Storage Unit Device Recoil Stabilizer Storage Small Storage Unit Processor Signal Interpreter Weapon Light Assault Rifle Energy Gun Particle Gun Energy Cannon Heavy Particle Cannon Ballistic Gun Light Assault Rifle Ballistic Cannon Light Cannon Launcher Shock Bomb Launcher Special Weapon Mining Laser Build | -11 -10 -10 -9 -9 ------- Run | Yrd Mat Min Mat Min Slots Evolved 2 | . . . 2 . Power . | . . . . . Propulsion 2 | . . . 2 . Utility . | . . . . . Weapon . | . . . . . Parts Attached 42 | 6 8 4 22 2 Power 9 | 1 1 1 6 . Engine 9 | 1 1 1 6 . Core . | . . . . . Reactor . | . . . . . Propulsion 14 | 2 3 1 8 . Treads 1 | . . . 1 . Leg 8 | 2 1 . 5 . Wheel . | . . . . . Hover 4 | . 2 1 1 . Flight 1 | . . . 1 . Utility 8 | 1 2 . 4 1 Device 5 | . 1 . 3 1 Storage 1 | 1 . . . . Processor 2 | . 1 . 1 . Hackware . | . . . . . Protection . | . . . . . Artifact . | . . . . . Weapon 11 | 2 2 2 4 1 Energy Gun 1 | . . 1 . . Energy Cannon 2 | . . . 2 . Ballistic Gun 4 | 2 2 . . . Ballistic Cannon 1 | . . 1 . . Launcher 2 | . . . 2 . Special Weapon 1 | . . . . 1 Impact Weapon . | . . . . . Slashing Weapon . | . . . . . Piercing Weapon . | . . . . . Special Melee Weapon . | . . . . . Unidentified Prototypes . | . . . . . Corrupted Parts 2 | . . . 2 . System Corruption 6 | . . . 6 . Parts Lost 19 | . . 1 17 1 Power 3 | . . . 3 . Propulsion 9 | . . 1 7 1 Utility 3 | . . . 3 . Weapon 4 | . . . 4 . Highest Loss Streak 17 | . . 1 16 17 To Critical Strikes . | . . . . . Average Slot Usage (%) 91 | . 90 99 89 68 Engine 12 | . 14 14 11 11 Leg 10 | . 15 . 12 22 Hover 17 | . 11 27 17 . Flight 1 | . . . 6 . Device 1 | . . . 1 11 Storage 11 | . 14 14 8 . Processor 9 | . 5 14 10 11 Energy Gun 1 | . . . 3 . Energy Cannon 3 | . . . 11 . Ballistic Gun 15 | . 27 21 . . Ballistic Cannon 2 | . . 6 3 . Naked Turns . | . . . . . Heaviest Build 23 | 12 14 16 23 5 Greatest Support 25 | 20 20 14 25 23 Greatest Overweight (x) 3 | . 3 1 1 . Average Overweight (x) . | . . . . . Largest Inventory Capacity 8 | 8 8 8 8 5 Average Capacity 7 | 7 8 8 7 5 Most Carried 8 | 4 8 8 8 4 Average Carried 6 | 1 7 7 6 3 Final Capacity 8 | 8 8 8 5 5 Final Carried 8 | 4 8 8 5 3 Class Distribution -------------------- 100% | Mutant Dominant Class ---------------- Mutant | -10/Materials Mutant | -10/Mines Mutant | -9/Materials Mutant | -9/Mines Resources | -11 -10 -10 -9 -9 ----------- Run | Yrd Mat Min Mat Min Matter Collected 771 | 237 179 135 220 . Remotely . | . . . . . Salvage Created 942 | 92 308 122 420 . Parts 74 | 8 29 2 35 . Haulers Intercepted . | . . . . . Recyclers Shooed 3 | 1 1 . 1 . Parts Field Recycled . | . . . . . Retrieved Matter . | . . . . . Parts Self-Destructed . | . . . . . Prevented . | . . . . . Kills | -11 -10 -10 -9 -9 ------- Run | Yrd Mat Min Mat Min Combat Hostiles Destroyed 25 | . 8 7 10 . Guns 13 | . 8 5 . . Cannons 4 | . . 2 2 . AOE 8 | . . . 8 . Classes Destroyed 10 | 2 5 1 2 . Worker 3 | . 1 . 2 . Builder 4 | . . . 4 . Tunneler 1 | 1 . . . . Recycler 2 | 1 1 . . . Mechanic 1 | . 1 . . . Watcher 5 | . 2 . 3 . Swarmer 9 | . 6 . 3 . Grunt 9 | . 2 2 5 . Sentry 2 | . . . 2 . Assembled 5 | . . 5 . . Best Kill Streak 8 | 2 4 3 8 . Combat Bots Only 4 | . 3 3 4 . Max Kills in Single Turn 7 | 1 2 1 7 . Gunslinging 1 | . 1 . . . Exploded 3 | . . . 3 . Melee . | . . . . . Uniques/NPCs Destroyed . | . . . . . Combat | -11 -10 -10 -9 -9 -------- Run | Yrd Mat Min Mat Min Hostile Shots Fired 276 | . 47 39 144 46 Missed 76 | . 12 15 35 14 Damage Taken 2326 | . 291 339 1445 251 Core 550 | . 66 80 291 113 Absorbed by Shields . | . . . . . Core Remaining (%) 70 | 100 . 41 . . Volleys Fired 102 | 6 33 37 20 6 Largest 2 | 2 2 2 2 1 Hottest 150 | 40 40 55 150 100 Shots Fired 193 | 12 66 74 35 6 Gun 147 | 12 66 66 3 . Cannon 37 | . . 8 29 . Launcher 3 | . . . 3 . Special 6 | . . . . 6 Kinetic 158 | 12 66 74 6 . Thermal 32 | . . . 26 6 Explosive . | . . . . . Electromagnetic 3 | . . . 3 . Robot Hit Streak 9 | 3 6 6 9 . Robot Miss Streak 8 | 3 4 4 6 8 Penetration Max . | . . . . . Secondary Targets 2 | . 2 . . . Max Gunslinging Chain 1 | . 1 . . . Shots Hit Robots 99 | 7 29 44 19 . Core Hits 62 | 4 22 16 20 . Critical Kills . | . . . . . Critical Parts Destroyed . | . . . . . Critical Strikes . | . . . . . Melee Attacks . | . . . . . Impact . | . . . . . Slashing . | . . . . . Piercing . | . . . . . Sneak Attacks . | . . . . . Combat Hostiles . | . . . . . Follow-up Attacks . | . . . . . Damage Inflicted 2688 | 56 461 393 1778 . Guns 626 | 56 235 307 28 . Cannons 460 | . . 86 374 . Explosions 1602 | . 226 . 1376 . Melee . | . . . . . Ramming . | . . . . . Kinetic 783 | 56 235 393 99 . Thermal 529 | . 226 . 303 . Explosive 1118 | . . . 1118 . Electromagnetic 258 | . . . 258 . Impact . | . . . . . Slashing . | . . . . . Piercing . | . . . . . Highest Corruption 6 | . . . 6 6 Average Corruption 5 | . . . 5 6 Corruption Purged . | . . . . . Corruption Blocked . | . . . . . Effects 6 | . . . 4 2 Message Errors 1 | . . . 1 . Matter Fused 1 | . . . 1 . Heat Flow Errors 3 | . . . 2 1 Parts Rejected 1 | . . . . 1 Overload Shots . | . . . . . Overflow Damage 317 | . 55 8 254 . Projectiles 8 | . . 8 . . Explosions 309 | . 55 . 254 . Melee . | . . . . . Knockbacks 1 | . . 1 . . Impact . | . . . . . Kinetic 1 | . . 1 . . Secondary . | . . . . . Self-Inflicted Damage 209 | . . . 209 . Shots 5 | . . . 5 . Rammed . | . . . . . Targets Rammed . | . . . . . Kicked . | . . . . . Crushed . | . . . . . Highest Temperature 543 | . 12 45 543 99 Average Temperature 106 | . 5 8 191 74 Received Heat Transfer 528 | . 27 15 486 . Effects 15 | . . . 15 . Shutdowns 2 | . . . 2 . Energy Bleed 1 | . . . 1 . Matter Decay 2 | . . . 2 . Short Circuit 2 | . . . 2 . Damage (minor) 1 | . . . 1 . Damage (major) 7 | . . . 7 . Siege Activations . | . . . . . Robots Corrupted . | . . . . . Combat Hostiles . | . . . . . Parts Fried . | . . . . . Impact Corruptions . | . . . . . Robots Melted . | . . . . . Combat Hostiles . | . . . . . Parts Melted 1 | . . . 1 . Heat Transferred 631 | . 150 . 481 . Parts Sabotaged . | . . . . . Parts Stolen . | . . . . . Parts Stripped . | . . . . . Power Chain Reactions . | . . . . . Alert | -11 -10 -10 -9 -9 ------- Run | Yrd Mat Min Mat Min Peak Influence 331 | 10 331 58 331 100 Initial 100 | . 6 58 21 100 Average 103 | 5 200 14 102 91 Maximum Alert Level 1 | . 1 . 1 . Low Security (%) 74 | 100 40 100 80 100 Level 1 25 | . 59 . 19 . Level 2 . | . . . . . Level 3 . | . . . . . Level 4 . | . . . . . Level 5 . | . . . . . High Security . | . . . . . Max Security . | . . . . . Squads Dispatched 1 | . . . 1 . Investigation . | . . . . . Extermination . | . . . . . Reinforcement 1 | . . . 1 . Assault . | . . . . . Garrison . | . . . . . Intercept . | . . . . . Searches Triggered . | . . . . . Construction Impeded . | . . . . . Haulers Reinforced . | . . . . . Active Scanning Responses . | . . . . . Cargo Convoy Interrupts . | . . . . . Stealth | -11 -10 -10 -9 -9 --------- Run | Yrd Mat Min Mat Min Distress Signals 7 | . 2 . 5 . Communications Jammed . | . . . . . Distress Signals . | . . . . . Times Spotted 60 | . 13 22 22 3 Peak Tracking Total 14 | . 4 14 9 3 Tactical Retreats 1 | . . . 1 . Traps | -11 -10 -10 -9 -9 ------- Run | Yrd Mat Min Mat Min Traps Triggered . | . . . . . Indirectly . | . . . . . Trap Hack Attempts . | . . . . . Triggered . | . . . . . Disarmed . | . . . . . Reprogrammed . | . . . . . Reused . | . . . . . Traps Extracted . | . . . . . Installed . | . . . . . Triggered . | . . . . . Machines | -11 -10 -10 -9 -9 ---------- Run | Yrd Mat Min Mat Min Machines Disabled 10 | . 4 . 6 . Max in Single Turn 4 | . 4 . 2 . Machines Repaired . | . . . . . Machines Dismantled . | . . . . . Machines Sabotaged . | . . . . . Overloaded Fab Kills . | . . . . . Hacking | -11 -10 -10 -9 -9 --------- Run | Yrd Mat Min Mat Min Machines Accessed 7 | . 3 . 4 . Terminals 7 | . 3 . 4 . Fabricators . | . . . . . Repair Stations . | . . . . . Recycling Units . | . . . . . Scanalyzers . | . . . . . Garrison Access . | . . . . . Total Hacks 19 | . 8 . 11 . Successful 9 | . 3 . 6 . Failed 10 | . 5 . 5 . Catastrophic 3 | . 1 . 2 . Database Lockouts . | . . . . . Manual . | . . . . . Terminals 19 | . 8 . 11 . Fabricators . | . . . . . Repair Stations . | . . . . . Recycling Units . | . . . . . Scanalyzers . | . . . . . Garrison Access . | . . . . . Terminal Hacks 9 | . 3 . 6 . Prototype ID Bank 2 | . 1 . 1 . Emergency Access Points 1 | . . . 1 . Alert Level 1 | . . . 1 . Locate Traps 1 | . 1 . . . Maintenance Status 1 | . . . 1 . Security Status 1 | . . . 1 . Zone Layout 2 | . 1 . 1 . Fabricator Hacks . | . . . . . Repair Station Hacks . | . . . . . Recycling Unit Hacks . | . . . . . Scanalyzer . | . . . . . Garrison Access Hacks . | . . . . . Unauthorized Hacks . | . . . . . Terminals . | . . . . . Fabricators . | . . . . . Repair Stations . | . . . . . Recycling Units . | . . . . . Scanalyzers . | . . . . . Garrison Access . | . . . . . Data Cores Recovered . | . . . . . Used . | . . . . . Hacking Detections 5 | . 1 . 4 . Full Trace Events . | . . . . . Feedback Events . | . . . . . Feedback Blocked . | . . . . . Robot Schematics Acquired . | . . . . . Robots Built . | . . . . . Authchips . | . . . . . Time . | . . . . . Total Robot Build Rating . | . . . . . Part Schematics Acquired . | . . . . . Parts Built . | . . . . . Authchips . | . . . . . Time . | . . . . . Total Part Build Rating . | . . . . . Parts Repaired . | . . . . . Time . | . . . . . Parts Recycled . | . . . . . Recycled Matter . | . . . . . Retrieved Matter . | . . . . . Retrieved Components . | . . . . . Parts Scanalyzed . | . . . . . Part Schematics Acquired . | . . . . . Parts Damaged . | . . . . . Bothacking | -11 -10 -10 -9 -9 ------------ Run | Yrd Mat Min Mat Min Used RIF Installer . | . . . . . Robots Hacked . | . . . . . Non-combat . | . . . . . Combat . | . . . . . Robot Hacks Applied . | . . . . . Relay Couplers Released . | . . . . . Fabnet Peak Effective % . | . . . . . Robots Rewired . | . . . . . Allies Hacked . | . . . . . Hacks Repelled . | . . . . . Allies | -11 -10 -10 -9 -9 -------- Run | Yrd Mat Min Mat Min Total Allies 3 | . . 3 . . Largest Group 3 | . . 3 . . Highest-Rated Group 40 | . . 40 . . Highest-Rated Ally 16 | . . 16 . . Total Orders . | . . . . . Ally Attacks 5 | . . 5 . . Total Damage 66 | . . 66 . . Kills . | . . . . . Allies Corrupted . | . . . . . Allies Melted . | . . . . . Intel | -11 -10 -10 -9 -9 ------- Run | Yrd Mat Min Mat Min Robot Analysis Total . | . . . . . Derelict Logs Recovered 1 | . . 1 . . Drone Launches . | . . . . . Drone Recoveries . | . . . . . Exploration | -11 -10 -10 -9 -9 ------------- Run | Yrd Mat Min Mat Min Turns Passed 1430 | 87 465 396 439 43 Spaces Moved 1250 | 51 436 479 270 14 Core 6 | 4 2 . . . Treads . | . . . . . Legs 271 | 47 152 . 58 14 Wheels . | . . . . . Hover 973 | . 282 479 212 . Flight . | . . . . . Fastest Speed 50 | 50 56 56 52 120 Average Speed 82 | 114 79 56 123 120 Slowest Speed 200 | 120 200 116 190 120 Overloaded Moves . | . . . . . Propulsion Burnouts . | . . . . . Robots Hopped . | . . . . . Cave-ins Triggered . | . . . . . Exploration Rate (%) 32 | 4 47 74 25 10 Regions Visited 4 Branch Regions 2 Pre-discovered Areas . | . . . . . Known Exits Taken 2 | . 1 1 . . Unknown Exits Taken 2 | 1 . . 1 . Scrap Searched . | . . . . . Spaces Dug 2 | . . . 2 . Terrain Destroyed 144 | . 33 . 109 2 Melee . | . . . . . Projectile 9 | . . . 7 2 AOE 135 | . 33 . 102 . Terrain Rammed . | . . . . . Walls Destroyed . | . . . . . Machines Disabled . | . . . . . Actions | -11 -10 -10 -9 -9 --------- Run | Yrd Mat Min Mat Min Total 1479 | 67 508 543 339 22 Wait 25 | . 3 15 7 . Move 1246 | 50 435 478 269 14 Hop . | . . . . . Pick Up 35 | 5 14 4 12 . Fast Attach 18 | 5 2 1 10 . Attach 15 | 1 2 2 8 2 Detach 2 | . 2 . . . Swap 9 | . 4 1 4 . Drop 27 | . 13 5 9 . Fire 102 | 6 33 37 20 6 Melee . | . . . . . Ram . | . . . . . Kick . | . . . . . Crush . | . . . . . Escape Stasis . | . . . . . Rewire . | . . . . . Trap . | . . . . . Miscellaneous . | . . . . . Route ------- -11/Scrapyard -10/Materials -10/Mines (discovered 2 exits: *Mat x2) -9/Materials (discovered 2 exits: [*Min] / [Sto]) -9/Mines History --------- Turn | Location | Event 2 | -11/Scrapyard | Discovered new exit (range 16) 88 | -11/Scrapyard | Entered Materials 317 | -10/Materials | Build established: Mutant 376 | -10/Materials | Discovered new exit (range 9) 388 | -10/Materials | Identified exit to Mines 553 | -10/Materials | Entered Mines 556 | -10/Mines | Assisted by bots powering up and referring to "LRC-V3" 562 | -10/Mines | Met a Derelict bent on vengeance 590 | -10/Mines | Assembled infested the area 639 | -10/Mines | Lost 3 allies 658 | -10/Mines | Discovered new exit (range 15) 665 | -10/Mines | Identified exit to Materials 715 | -10/Mines | Core integrity fell below 50% 897 | -10/Mines | Learned Materials terminal intel 920 | -10/Mines | Discovered exit to Materials (range 11) 949 | -10/Mines | Entered Materials 949 | -9/Materials | Evolved 2 slots: Propulsion x2 950 | -9/Materials | Loaded intel: 12 terminal locations 1224 | -9/Materials | Discovered new exit (range 15) 1224 | -9/Materials | Discovered new exit (range 11) 1348 | -9/Materials | Core integrity fell below 50% 1388 | -9/Materials | Entered Mines 1409 | -9/Mines | Core integrity fell below 20% 1422 | -9/Mines | Lost 17 parts (3p7n3u4w) 1431 | -9/Mines | Destroyed by S-10 Pest with Light Assault Rifle Last Messages --------------- 01373_ Acquired Lgt. Ion Engine. 01374_ K-01 Serf collects debris. 01377_ The unstable cave ceiling collapses. 01378_ K-01 Serf collects debris. 01380_ Dropped Corrupted Hover Unit. 01380_ Acquired Med. Matter Pod. 01381_ K-01 Serf collects debris. 01384_ The unstable cave ceiling collapses. 01384_ Acquired Mining Laser. 01385_ K-01 Serf collects debris. 01386_ QD